 Dungeon Crawl Stone Soup version 0.31-a0-175-g9f7f995f2b (webtiles) character file.

Game seed: 15053889276127486803

114 qw the Chopper (level 4, 0/28 HPs)
             Began as a Gargoyle Fighter on June 17, 2023.
             Killed from afar by Sigmund (5 damage)
             ... with a puff of flame
             ... on level 3 of the Dungeon.
             The game lasted 00:01:06 (1637 turns).

qw the Chopper (Gargoyle Fighter)                   Turns: 1637, Time: 00:01:07

Health: 0/28       AC: 11    Str: 21 (22) XL:     4   Next: 97%
Magic:  0/4        EV:  9    Int:  6 (8)  God:
Gold:   97         SH:  4    Dex:  8 (9)  Spells: 3/3 levels left

rFire   . . .        Y - +0 war axe
rCold   . . .        c - +0 buckler
rNeg    + . .        b - +0 scale mail
rPois   inf          (no helmet)
rElec   +            (no cloak)
rCorr   .            k - +0 pair of gloves
SInv    .            (no boots)
Will    .....        (no amulet) Stlth
                     (no ring)
HPRegen 0.24/turn    (no ring)
MPRegen 0.09/turn

%: no passive effects
@: no status effects
A: sickness immunity, AC +3, negative energy resistance 1, electricity
resistance, torment resistance 1, petrification resistance
a: no special abilities


You were on level 3 of the Dungeon.
You visited 1 branch of the dungeon, and saw 3 of its levels.

You collected 97 gold pieces.


Innate Abilities, Weirdness & Mutations

You are immune to sickness and miasma.
Your stone body is resilient. (AC +3)
You are immune to poison.
You resist negative energy. (rN+)
You are resistant to electric shocks. (rElec)
You are resistant to unholy torment.
You are immune to petrification.


   Skills:
 - Level 3.2 Fighting
 + Level 4.5 Axes
 - Level 3.2 Armour
 - Level 3.2 Shields


You had 3 spell levels left.
You didn't know any spells.
Your spell library was empty.

Inventory:

Hand Weapons
 l - a +0 mace of protection
 Y - a +0 war axe (weapon)
Armour
 b - a +0 scale mail (worn)
 c - a +0 buckler (worn)
 k - a +0 pair of gloves (worn)
Scrolls
 a - a scroll of teleportation
 h - a scroll of identify
Potions
 d - a potion of might
 e - a potion of curing
 g - 4 potions of heal wounds
 i - a potion of attraction
 j - a potion of haste {unknown}

Dungeon Overview and Level Annotations

Branches:
Dungeon (3/15)

Altars:

Shops:
D:1 (   D:3 :

Annotations:
D:3 Sigmund


Message History

You swing at nothing.
Something hits you but does no damage.
You swing at nothing.
Something hits you but does no damage.
You swing at nothing.
Something hits you.
You feel your power leaking away.
You swing at nothing.
Something hits you but does no damage.
You swing at nothing.
Something hits you.
You feel your power leaking away.
You swing at nothing.
You swing at nothing.
Something hits you.
You swing at nothing.
Something hits you but does no damage.
You swing at nothing.
Something hits you.
You feel your power leaking away.
You swing at nothing.
You hear a splashing noise.
You swing at nothing.
You hear a splashing noise.
You swing at nothing.
Something hits you.
You swing at nothing.
A magic dart appears from out of thin air!
The magic dart hits you.
You swing at nothing.
You hear a splashing noise.
You swing at nothing.
Something hits you.
You feel your power leaking away.
You swing at nothing.
You swing at nothing.
You hear some strange, mumbled words.
A puff of flame appears from out of thin air!
The puff of flame hits you.
You die...

#..~..~~..~
###...~~....~
........}~~.
......~~}.. # #
#....~....~ ##
#.#....{..~~. ####.
####.#...).~~...
#.'..
........@......~
#.##. #####........~~
#.### #.###~~~~~~ #.#
# #.####~~~~#### #.#
#.#.# #####..###.##.
#.#.# #.# #)........
#.#.###.###..###.###
#.#...#......# #.#
##...#...####.###.##.


There were no monsters in sight!

Vanquished Creatures
  3 gnolls (D:2)
  2 adders (D:2)
  A worm (D:3)
  2 dart slugs (D:1)
  5 ball pythons
  4 endoplasms (D:1)
  4 giant cockroaches
  4 goblins
  3 hobgoblins
  4 jackals (D:2)
  6 quokkas
  7 bats
  2 frilled lizards
  4 kobolds
  4 rats
55 creatures vanquished.

Notes
Turn   | Place    | Note
-------+----------+-------------------------------------------
     0 | D:1      | qw the Gargoyle Fighter began the quest for the Orb.
     0 | D:1      | Reached XP level 1. HP: 14/14 MP: 1/1
     0 | D:1      | 0 ||| qw: Version: 0.3-a-2-g5ab2908
     0 | D:1      | 0 ||| qw: Game counter: 136
     0 | D:1      | 0 ||| qw: Always use a shield: true
     0 | D:1      | 0 ||| qw: God list: Okawaru
     0 | D:1      | 0 ||| qw: Allow faded altars: false
     0 | D:1      | 0 ||| qw: Do Orc after D:15 true
     0 | D:1      | 0 ||| qw: Do second Lair branch before Depths: true
     0 | D:1      | 0 ||| qw: Lair rune preference: random
     0 | D:1      | 0 ||| qw: Plans: Normal, Zot:1-4, Slime:5, God:TSO, Crypt,
                  | Tomb, Abyss, Pan, Hells, Win
     0 | D:1      | 0 ||| PLANNING D:1-11
    64 | D:1      | Reached skill level 2 in Axes
   125 | D:1      | Reached XP level 2. HP: 19/19 MP: 2/2
   185 | D:1      | 185 ||| Stepping ~*~*~tactically~*~*~ (hiding).
   419 | D:1      | Reached skill level 3 in Axes
   473 | D:1      | Found Jiaxtig's Weapon Shoppe.
   476 | D:1      | 476 ||| SHOPLISTING +0 whip (27 gold, have 9).
   476 | D:1      | 476 ||| SHOPLISTING +1 broad axe of venom (129 gold, have
                  | 9).
   498 | D:1      | Reached XP level 3. HP: 17/23 MP: 3/3
   725 | D:1      | 725 ||| UPGRADING to +0 pair of gloves.
   730 | D:1      | 730 ||| READING 2 scrolls labelled OSHRESI KODOZXYE.
   734 | D:1      | 734 ||| READING scroll labelled DURONNE SONACK.
   735 | D:1      | 735 ||| READING scroll labelled OBUJA KOLE.
   736 | D:1      | 736 ||| DRINKING 3 bubbling emerald potions.
   737 | D:1      | 737 ||| DRINKING 2 bubbling cyan potions.
   738 | D:1      | 738 ||| DROPPING potion of degeneration.
   911 | D:2      | Reached XP level 4. HP: 27/28 MP: 4/4
   921 | D:2      | 921 ||| Stepping ~*~*~tactically~*~*~ (stealth).
   922 | D:2      | 922 ||| Stepping ~*~*~tactically~*~*~ (stealth).
   953 | D:2      | Reached skill level 4 in Axes
   978 | D:2      | 978 ||| DROPPING +0 club.
   987 | D:2      | 987 ||| DROPPING +0 whip.
  1246 | D:2      | 1246 ||| READING scroll labelled FAERUVV FUIVA.
  1247 | D:2      | 1247 ||| READING scroll labelled DADED XETWEM.
  1248 | D:2      | 1248 ||| READING scroll labelled ROIGOE JAUG.
  1249 | D:2      | 1249 ||| READING 3 scrolls of identify.
  1249 | D:2      | 1249 ||| IDENTIFYING yellow potion
  1250 | D:2      | 1250 ||| READING 2 scrolls of identify.
  1250 | D:2      | 1250 ||| IDENTIFYING coppery potion
  1380 | D:3      | Found Maurph's Book Shop.
  1421 | D:3      | 1421 ||| Stepping ~*~*~tactically~*~*~ (stealth).
  1484 | D:3      | 1484 ||| Stepping ~*~*~tactically~*~*~ (stealth).
  1486 | D:3      | 1486 ||| Stepping ~*~*~tactically~*~*~ (stealth).
  1529 | D:3      | 1529 ||| DROPPING +0 mace.
  1551 | D:3      | 1551 ||| Stepping ~*~*~tactically~*~*~ (stealth).
  1607 | D:3      | Noticed Sigmund
  1635 | D:3      | HP: 5/28 [something (5)]
  1637 | D:3      | Killed from afar by Sigmund

Levels and vault maps discovered:
D:1:      dpeg_arrival_round_a, layout_basic, serial_shops,
          nicolae_shop_real_fake_doors, interstate_on_off
D:2:      layout_rooms
D:3:      cheibrodos_helix_gallery, layout_loops_ring, serial_shops,
          nicolae_shop_waterfront, nicolae_hexahallways, uniq_sigmund,
          uniq_jessica

Skill      XL: |  1  2  3  4 |
---------------+-------------+-----
Axes           | 2 3 4 |  4.5
Fighting       | |  3.2
Armour         | |  3.2
Shields        | |  3.2

Action                     |  1- 3 |  4- 6 || total
---------------------------+-------+-------++-------
  Melee: War axe           |    94 |    72 ||   166
    Use: Scroll            |     3 |     5 ||     8
         Potion            |     2 |       ||     2
 Armour: Scale mail        |    39 |    53 ||    92
  Dodge: Dodged            |    37 |    36 ||    73
  Block: Buckler           |    21 |     9 ||    30

Table legend:
 A = Non-vault XP
 B = Vault XP
 C = Vault XP percentage of total XP
 D = Non-vault monster count
 E = Vault monster count
 F = Vault count percentage of total count
                 A         B        C        D         E       F
            +---------+---------+-------+---------+---------+-------
      Total |     160 |       3 |   1.8 |      53 |       2 |   3.6
            +---------+---------+-------+---------+---------+-------
        D:1 |      49 |       0 |   0.0 |      26 |       0 |   0.0
        D:2 |      95 |       0 |   0.0 |      19 |       0 |   0.0
        D:3 |      16 |       3 |  15.8 |       8 |       2 |  20.0
            +---------+---------+-------+---------+---------+-------
